 Dungeon Crawl Stone Soup version 0.31-a0-152-g6aa68a64a1 (webtiles) character file.

Game seed: 10340245051447284610

597 qw the Chopper (level 7, -6/43 HPs)
             Began as a Gargoyle Fighter on June 10, 2023.
             Killed by divine providence
             ... invoked by an orc priest
              (13 damage)
             ... on level 5 of the Dungeon.
             The game lasted 00:02:10 (3887 turns).

qw the Chopper (Gargoyle Fighter)                   Turns: 3887, Time: 00:02:10

Health: -6/43      AC: 19    Str: 22    XL:     7   Next: 40%
Magic:  7/7        EV:  7    Int:  8    God:
Gold:   309        SH:  8    Dex:  9    Spells: 6/6 levels left

rFire   . . .        Y - +0 war axe
rCold   . . .        i - +0 kite shield
rNeg    + . .        h - +0 chain mail
rPois   inf          l - +2 helmet
rElec   +            j - +1 cloak
rCorr   .            (no gloves)
SInv    +            (no boots)
Will    .....        (no amulet) Stlth
                     b - ring of see invisible
HPRegen 0.27/turn    (no ring)
MPRegen 0.10/turn

%: no passive effects
@: about to teleport
A: sickness immunity, AC +4, negative energy resistance 1, electricity
resistance, torment resistance 1, petrification resistance
a: no special abilities


You were on level 5 of the Dungeon.
You visited 1 branch of the dungeon, and saw 5 of its levels.

You collected 309 gold pieces.


Innate Abilities, Weirdness & Mutations

You are immune to sickness and miasma.
Your stone body is resilient. (AC +4)
You are immune to poison.
You resist negative energy. (rN+)
You are resistant to electric shocks. (rElec)
You are resistant to unholy torment.
You are immune to petrification.


   Skills:
 - Level 4.1 Fighting
 + Level 5.7 Axes
 - Level 3.2 Armour
 - Level 5.6 Shields


You had 6 spell levels left.
You didn't know any spells.
Your spell library was empty.

Inventory:

Hand Weapons
 k - a +0 mace
 Y - a +0 war axe (weapon)
Armour
 h - a +0 chain mail (worn)
 i - a +0 kite shield (worn)
 j - a +1 cloak (worn)
 l - a +2 helmet (worn)
Jewellery
 b - a ring of see invisible (left hand)
 c - a ring of see invisible
Scrolls
 a - 2 scrolls of identify
 o - a scroll of torment {unknown}
Potions
 d - 2 potions of might
 e - a potion of lignification
 f - a potion of magic
 m - a potion of haste
 n - a potion of curing {unknown}

Dungeon Overview and Level Annotations

Branches:
Dungeon (5/15)
 Temple: D:4-7

Altars:
Ashenzari
Kikubaaqudgha
Trog
Xom
Yredelemnul


Message History

Beogh smites you!
The orc priest closely misses you. 2 orcs come into view.
The orc shouts!
You hear a shout!
The orc priest hits you but does no damage.
You see here a +0 flail.
You hit the orc priest.
The orc priest is moderately wounded.
You barely miss the orc priest.
The orc priest is moderately wounded.
You block the orc priest's attack.
An orc comes into view. It is wielding a +0 flail.
You barely miss the orc priest.
The orc priest is moderately wounded.
You barely miss the orc. The orc barely misses you.
The orc priest barely misses you. The orc closely misses you.
The orc priest barely misses you.
You closely miss the orc priest.
The orc priest is moderately wounded.
You closely miss the orc. The orc hits you but does no damage.
The orc priest barely misses you.
You slash the orc priest!
The orc priest is almost dead.
You slash the orc!
You kill the orc!
The orc priest invokes the aid of Beogh against you.
Beogh smites you!
You closely miss the orc priest.
The orc priest is almost dead.
You barely miss the orc. The orc priest barely misses you.
The orc closely misses you. You block the orc's attack.
You closely miss the orc. You hit the orc. You block the orc priest's attack.
The orc barely misses you. The orc hits you with a +0 flail.
3887 ||| READING scroll of teleportation.
As you read the scroll of teleportation, it crumbles to dust.
You feel strangely unstable.
The orc priest mumbles some strange prayers to Beogh against you.
Beogh smites you!
You die...

#.........# ...
#.###..#
######.####
.... #.##...#
#. #.##.#.# #.
#......# ..
####.### ####
#.# ?.. #.#
###.######.#
#.oo@......#
.....#o########
#.# #. #. .. ##


You could see an orc priest and 2 orcs.

Vanquished Creatures
  2 phantoms (D:4)
  A kobold brigand (D:4)
  2 scorpions
  An orc priest (D:5)
  A sleepcap (D:4)
  2 orc wizards
  Robin (D:3)
  4 adders
  2 worms
  2 dart slugs
  12 orcs
  9 ball pythons
  6 endoplasms
  5 giant cockroaches
  14 goblins
  9 hobgoblins
  3 quokkas
  4 bats
  7 frilled lizards
  11 kobolds
  6 rats
104 creatures vanquished.

Notes
Turn   | Place    | Note
-------+----------+-------------------------------------------
     0 | D:1      | qw the Gargoyle Fighter began the quest for the Orb.
     0 | D:1      | Reached XP level 1. HP: 14/14 MP: 1/1
     0 | D:1      | 0 ||| qw: Version: 0.2-a-29-gd901d54
     0 | D:1      | 0 ||| qw: Game counter: 3970
     0 | D:1      | 0 ||| qw: Always use a shield: true
     0 | D:1      | 0 ||| qw: God list: Okawaru
     0 | D:1      | 0 ||| qw: Allow faded altars: false
     0 | D:1      | 0 ||| qw: Do Orc after D:15 true
     0 | D:1      | 0 ||| qw: Do second Lair branch before Depths: true
     0 | D:1      | 0 ||| qw: Lair rune preference: random
     0 | D:1      | 0 ||| qw: Plans: Normal, Zot:1-4, Slime:5, God:TSO, Crypt,
                  | Tomb, Abyss, Pan, Hells, Win
     0 | D:1      | 0 ||| PLANNING D:1-11
   120 | D:1      | Reached XP level 2. HP: 19/19 MP: 2/2
   363 | D:1      | 363 ||| Stepping ~*~*~tactically~*~*~ (stealth).
   364 | D:1      | 364 ||| Stepping ~*~*~tactically~*~*~ (stealth).
   608 | D:1      | Reached skill level 3 in Axes
   758 | D:1      | 758 ||| UPGRADING to +0 chain mail.
   768 | D:1      | 768 ||| DROPPING +0 scale mail.
   769 | D:1      | 769 ||| READING 4 scrolls labelled GIZAYP ZURU.
   770 | D:1      | 770 ||| DRINKING 2 bubbling dark potions.
   800 | D:2      | Reached XP level 3. HP: 23/23 MP: 3/3
   831 | D:2      | 831 ||| Stepping ~*~*~tactically~*~*~ (stealth).
   837 | D:2      | 837 ||| Stepping ~*~*~tactically~*~*~ (stealth).
   888 | D:2      | 888 ||| DROPPING +0 club.
  1120 | D:2      | 1120 ||| Stepping ~*~*~tactically~*~*~ (stealth).
  1123 | D:2      | 1123 ||| Stepping ~*~*~tactically~*~*~ (stealth).
  1130 | D:2      | 1130 ||| Stepping ~*~*~tactically~*~*~ (stealth).
  1132 | D:2      | 1132 ||| Stepping ~*~*~tactically~*~*~ (hiding).
  1137 | D:2      | 1137 ||| Stepping ~*~*~tactically~*~*~ (hiding).
  1164 | D:2      | 1164 ||| Stepping ~*~*~tactically~*~*~ (stealth).
  1576 | D:2      | 1576 ||| DROPPING +0 whip.
  1813 | D:2      | 1813 ||| UPGRADING to +0 kite shield.
  1823 | D:2      | 1823 ||| DROPPING +0 buckler.
  1824 | D:2      | 1824 ||| READING scroll labelled VONAH MEAJYF.
  1825 | D:2      | 1825 ||| READING scroll labelled NOTYDW LEBU.
  1926 | D:2      | 1926 ||| DRINKING 2 fuming silvery potions.
  1927 | D:2      | 1927 ||| DROPPING potion of enlightenment.
  1993 | D:3      | Reached XP level 4. HP: 28/28 MP: 4/4
  2246 | D:3      | 2246 ||| Stepping ~*~*~tactically~*~*~ (stealth).
  2309 | D:3      | Noticed Robin
  2315 | D:3      | Killed Robin
  2376 | D:3      | Found a broken altar of Ashenzari.
  2384 | D:3      | Found an ancient bone altar of Kikubaaqudgha.
  2499 | D:3      | 2499 ||| UPGRADING to +0 cloak.
  2504 | D:3      | 2504 ||| UPGRADING to +2 helmet.
  2509 | D:3      | 2509 ||| READING scroll labelled UNUFAR SEANOOM.
  2513 | D:3      | 2513 ||| READING scroll labelled LIMEXI ZACORAXOMA.
  2514 | D:3      | 2514 ||| READING scroll labelled DETSAO FYDU.
  2515 | D:3      | 2515 ||| READING scroll labelled YTHRIGR WIMEF.
  2516 | D:3      | 2516 ||| READING 4 scrolls of identify.
  2516 | D:3      | 2516 ||| IDENTIFYING black potion
  2598 | D:4      | 2598 ||| Stepping ~*~*~tactically~*~*~ (stealth).
  2606 | D:4      | HP: 3/28 [worm (9)]
  2613 | D:4      | Reached XP level 5. HP: 6/32 MP: 5/5
  2720 | D:4      | 2720 ||| STAIRDANCE
  2819 | D:4      | 2819 ||| Stepping ~*~*~tactically~*~*~ (stealth).
  2821 | D:4      | 2821 ||| Stepping ~*~*~tactically~*~*~ (stealth).
  2832 | D:4      | 2832 ||| FLEEEEING.
  2833 | D:4      | 2833 ||| FLEEEEING.
  2834 | D:4      | 2834 ||| FLEEEEING.
  2835 | D:4      | 2835 ||| FLEEEEING.
  2836 | D:4      | 2836 ||| FLEEEEING.
  2837 | D:4      | 2837 ||| FLEEEEING.
  2838 | D:4      | 2838 ||| FLEEEEING.
  2839 | D:4      | 2839 ||| FLEEEEING.
  2840 | D:4      | 2840 ||| FLEEEEING.
  2842 | D:4      | 2842 ||| FLEEEEING.
  2843 | D:4      | 2843 ||| STAIRDANCE
  3037 | D:4      | 3037 ||| READING scroll of enchant armour.
  3037 | D:4      | 3037 ||| ENCHANTING +0 cloak.
  3091 | D:4      | Noticed a phantom
  3116 | D:4      | Killed a phantom
  3117 | D:4      | Reached XP level 6. HP: 37/37 MP: 6/6
  3304 | D:4      | 3304 ||| DROPPING amulet of magic regeneration.
  3305 | D:4      | 3305 ||| UPGRADING to ring of see invisible.
  3306 | D:4      | 3306 ||| READING 3 scrolls of identify.
  3306 | D:4      | 3306 ||| IDENTIFYING viscous yellow potion
  3309 | D:4      | 3309 ||| FLEEEEING.
  3310 | D:4      | 3310 ||| FLEEEEING.
  3311 | D:4      | 3311 ||| STAIRDANCE
  3312 | D:3      | Found a shimmering altar of Xom.
  3312 | D:3      | Found a bloodstained altar of Trog.
  3315 | D:3      | Found a basalt altar of Yredelemnul.
  3326 | D:4      | 3326 ||| STAIRDANCE
  3526 | D:4      | 3526 ||| Stepping ~*~*~tactically~*~*~ (hiding).
  3537 | D:4      | Reached XP level 7. HP: 41/43 MP: 7/7
  3607 | D:5      | Entered Level 5 of the Dungeon
  3643 | D:5      | 3643 ||| Stepping ~*~*~tactically~*~*~ (stealth).
  3696 | D:5      | 3696 ||| Stepping ~*~*~tactically~*~*~ (stealth).
  3873 | D:5      | 3873 ||| Stepping ~*~*~tactically~*~*~ (hiding).
  3886 | D:5      | HP: 6/43 [orc/+0 flail (5)]
  3887 | D:5      | 3887 ||| READING scroll of teleportation.
  3887 | D:5      | Killed from afar by an orc priest

Levels and vault maps discovered:
D:1:      evilmike_arrival_hilbert_curve, layout_loops_ring, serial_glass,
          glass_columns_c, glass_columns_c, glass_columns_a, glass_columns_c,
          glass_columns_b, glass_columns_a
D:2:      layout_basic, serial_forest, infiniplex_forest_straight_3,
          infiniplex_forest_lined_corner, infiniplex_forest_clump_double,
          infiniplex_forest_clump_long, infiniplex_forest_lined_room_3,
          infiniplex_forest_zigzag_1, infiniplex_forest_fountain,
          infiniplex_forest_straight_2, lexackson_kobold_supper
D:3:      layout_rooms, nicolae_overflow_hidden_temple, uniq_robin
D:4:      kb_forest_paths, layout_basic
D:5:      layout_loops_cross

Skill      XL: |  1  2  3  4  5  6 |
---------------+-------------------+-----
Axes           | 2 3 4 5 |  5.7
Shields        | 4 5 |  5.6
Fighting       | 4 |  4.1
Armour         | |  3.2

Action                     |  1- 3 |  4- 6 |  7- 9 || total
---------------------------+-------+-------+-------++-------
  Melee: War axe           |   125 |   222 |    46 ||   393
    Use: Scroll            |     3 |     7 |     1 ||    11
         Potion            |     2 |       |       ||     2
 Armour: Scale mail        |    14 |       |       ||    14
         Chain mail        |    34 |   134 |    22 ||   190
  Dodge: Dodged            |    45 |    56 |    19 ||   120
  Block: Buckler           |    25 |       |       ||    25
         Kite shield       |     2 |    95 |    17 ||   114

Table legend:
 A = Non-vault XP
 B = Vault XP
 C = Vault XP percentage of total XP
 D = Non-vault monster count
 E = Vault monster count
 F = Vault count percentage of total count
                 A         B        C        D         E       F
            +---------+---------+-------+---------+---------+-------
      Total |     700 |     154 |  18.0 |      77 |      27 |  26.0
            +---------+---------+-------+---------+---------+-------
        D:1 |      30 |       0 |   0.0 |      17 |       0 |   0.0
        D:2 |      37 |      10 |  21.3 |      14 |       8 |  36.4
        D:3 |     115 |      37 |  24.3 |      17 |      13 |  43.3
        D:4 |     336 |     107 |  24.2 |      18 |       6 |  25.0
        D:5 |     182 |       0 |   0.0 |      11 |       0 |   0.0
            +---------+---------+-------+---------+---------+-------
